 Dungeon Crawl Stone Soup version 0.20.1-1-g8b1a95d (webtiles) character file.

23600 troglodite the Protected (level 12, -3/141 HPs)
             Began as a Demonspawn Berserker on Dec 18, 2017.
             Was a High Priest of Trog.
             Killed from afar by a deep elf mage (8 damage)
             ... with a bolt of lightning
             ... on level 1 of the Orcish Mines.
             The game lasted 00:54:33 (16390 turns).

troglodite the Protected (Demonspawn Berserker)    Turns: 16390, Time: 00:54:34

Health: -3/141     AC: 20    Str: 23    XL:     12   Next: 73%
Magic:  12/12      EV:  9    Int:  9    God:    Trog [*****.]
Gold:   746        SH: 21    Dex: 17    Spells: 11/11 levels left

rFire    . . .     SeeInvis +   K - +12 long sword of the Dwarven Hall {drain, rElec rPois MR+}
rCold    . . .     Gourm    .   M - +3 large shield
rNeg     . . .     Faith    .   j - +0 chain mail
rPois    +         Spirit   .   i - +2 hat
rElec    +         Reflect  .   J - +2 cloak
rCorr    .         Harm     .   o - +2 pair of gloves
MR       +....                  (no boots)
Stlth    ..........             H - amulet of inaccuracy (curse)
Regen    0.4/turn               B - ring of stealth
MPRegen  0.2/turn               A - ring of see invisible

@: berserking, very quick
A: claws 1, hooves 2, horns 2, foul stench 1, nightstalker 1, rot immunity
a: Berserk, Trog's Hand, Brothers in Arms, Burn Spellbooks, Renounce Religion


You were on level 1 of the Orcish Mines.
You worshipped Trog.
Trog was extremely pleased with you.
You were not hungry.

You visited 2 branches of the dungeon, and saw 13 of its levels.
You also visited: Sewer.

You collected 746 gold pieces.

Inventory:

Hand Weapons
 E - a +6 long sword
 I - a +6 quick blade
 K - the +12 long sword of the Dwarven Hall (weapon) {drain, rElec rPois MR+}
   (You found it on level 5 of the Dungeon)

   A truly terrible weapon, it drains the life of those it strikes.
   It insulates you from electricity.
   It protects you from poison.
   It affects your resistance to hostile enchantments.
Armour
 i - a +2 hat (worn)
 j - a +0 chain mail (worn)
 o - a +2 pair of gloves (worn)
 F - a scarf of cloud immunity
 J - a +2 cloak (worn)
 M - a +3 large shield (worn)
Jewellery
 A - a ring of see invisible (right hand)
 B - a ring of stealth (left hand)
 H - a cursed amulet of inaccuracy (around neck)
 O - an uncursed ring of flight
Wands
 s - a wand of flame (11/48)
 y - a wand of digging (12/24)
 L - a wand of iceblast (7/15)
Scrolls
 b - 2 scrolls of recharging
 d - 2 scrolls of fog
 f - 6 scrolls of magic mapping
 p - a scroll of blinking
 q - a scroll of teleportation
 z - a scroll of identify
Potions
 a - 2 potions of magic
 e - a potion of might
 k - 2 potions of haste
 l - a potion of ambrosia
 r - 3 potions of agility
 t - a potion of brilliance
 u - 6 potions of curing
 v - a potion of heal wounds
 C - 2 potions of lignification
 D - 2 potions of flight
Comestibles
 c - 12 bread rations
 g - 7 chunks of flesh
 m - 10 royal jellies
 n - 5 meat rations


   Skills:
 * Level 8.3 Fighting
 + Level 2.9(5.2) Short Blades
 + Level 6.9(7.2) Long Blades
   Level 5.6 Staves
 * Level 10.1 Armour
 * Level 7.2 Dodging
 * Level 5.9 Stealth
 * Level 9.3 Shields
 - Level 0.1 Unarmed Combat
 + Level 0.4 Evocations


You had 11 spell levels left.
You didn't know any spells.

Dungeon Overview and Level Annotations

Branches:
Dungeon (12/15)            Temple (0/1) D:5            Lair (0/6) D:11
    Orc (1/2) D:10

Altars:
Elyvilon
Fedhas
Gozag
Kikubaaqudgha
Makhleb
Nemelex Xobeh
Trog
Vehumet
Xom
Yredelemnul
The Shining One

Shops:
Orc:1 %


Innate Abilities, Weirdness & Mutations

You have sharp fingernails.
You have hoof-like feet.
You have a pair of horns on your head.
You may emit foul miasma when damaged in melee.
You are slightly more attuned to the shadows.
You are immune to rotting.


Message History

Trog shields your ally from puny magic!
Unknown command.
You closely miss the deep elf mage. Your kick misses the deep elf mage.
You headbutt the deep elf mage!
The deep elf mage is moderately wounded.
You block the deep elf mage's attack.
Your troll bites the deep elf mage!!
Your troll claws the deep elf mage!
The deep elf mage dies!
Trog accepts your kill. Something appears at your feet! Trog grants you a gift!
Trog appreciates your killing of a magic user.
The deep elf mage gestures wildly while chanting.
You slash the deep elf mage! You drain the deep elf mage!
Your kick misses the deep elf mage. You headbutt the deep elf mage!
The deep elf mage is almost dead.
You block the deep elf mage's attack.
The deep elf mage points at you and mumbles some strange words.
The bolt of lightning hits you! You resist.
You die...

...............#....
..............#.#...
............∩....#
....>.......[....#
......<......)...#
.............)...##
........#.........#
.......##.).T.....#
...§§..#...)@.....#.
...§§......ee........
..§§§§e#.Y..$###.....
#.≈≈e##≈≈≈#.... #≈≈##
≈≈≈≈.... #≈≈ ..#≈.#.#
$.# $.# .... #§ $.≈ .
§.≈#


You could see 4 deep elf magi, an ice beast and a friendly troll (berserk).

Vanquished Creatures
  The ghost of kalagan the Thaumaturge, a journeyman GrEE of Hepliaklqana (D:11)
  Erolcha (D:11)
  Fannar (D:11)
  A hydra (D:10)
  The ghost of DrHerr the Basher, a novice MiGl of Hepliaklqana (D:8)
  2 unseen horrors
  3 deep elf magi (Orc:1)
  2 ugly things (D:12)
  A cyclops (D:11)
  A manticore (D:11)
  A guardian serpent (D:10)
  Maurice (D:8)
  Psyche (D:8)
  A redback zombie (D:12)
  4 trolls
  2 hornets (D:12)
  Prince Ribbit (D:8)
  A queen bee (D:9)
  4 hippogriffs
  Sigmund (D:5)
  A wraith (D:11)
  A wyvern (D:12)
  7 yaks
  A steam dragon (D:9)
  6 hungry ghosts
  3 vampire mosquitoes (D:12)
  Edmund (D:6)
  6 wargs
  A soldier ant (D:12)
  A water moccasin (D:8)
  Duvessa (D:6)
  A black bear (D:7)
  4 sky beasts
  5 orc warriors
  An ice beast (D:5)
  A hornet zombie (D:12)
  2 necrophages
  4 ogres
  2 phantoms (D:11)
  7 centaurs
  An eye of draining (D:11)
  2 crocodiles
  7 bullfrogs
  2 gnoll sergeants (D:5)
  Dowan (D:6)
  4 scorpions
  25 killer bees
  16 wights
  6 howler monkeys
  6 crimson imps
  A lava snake (D:12)
  A centaur zombie (D:5)
  A quasit (D:11)
  9 hounds
  14 orc priests
  3 jellies
  A bullfrog skeleton (D:7)
  3 iguanas
  Crazy Yiuf (D:2)
  3 centaur skeletons
  13 orc wizards
  7 worker ants
  2 hound skeletons
  12 gnolls
  2 howler monkey skeletons
  15 adders
  A river rat (D:4)
  2 shadow imps
  An ooze (D:2)
  2 adder skeletons
  3 worms
  2 dart slugs (D:2)
  7 leopard geckos
  30 orcs
  2 ball pythons
  4 bats
  15 giant cockroaches
  8 goblins
  6 hobgoblins
  10 jackals
  7 kobolds
  5 quokkas
  12 frilled lizards
  2 leopard gecko skeletons (D:4)
  3 quokka skeletons
  10 rats
377 creatures vanquished.

Vanquished Creatures (collateral kills)
  2 deep elf magi (Orc:1)
2 creatures vanquished.

Vanquished Creatures (others)
  A two-headed ogre (D:4)
  A jelly (D:9)
  2 fungi (D:2)
4 creatures vanquished.

Grand Total: 383 creatures vanquished

Notes
Turn   | Place    | Note
-------+----------+-------------------------------------------
     0 | D:1      | troglodite the Demonspawn Berserker began the quest for the Orb.
     0 | D:1      | Reached XP level 1. HP: 18/18 MP: 1/1
   315 | D:1      | Gained mutation: You are immune to rotting. [demonic ancestry]
   315 | D:1      | Reached XP level 2. HP: 24/24 MP: 2/2
   460 | D:1      | Reached skill level 2 in Armour
   979 | D:2      | Reached XP level 3. HP: 29/29 MP: 3/3
  1517 | D:2      | Reached ** piety under Trog
  1605 | D:2      | Gained mutation: You have large cloven feet. [demonic ancestry]
  1605 | D:2      | Reached XP level 4. HP: 23/36 MP: 4/4
  2193 | D:2      | Found a runed door.
  2197 | D:2      | Noticed Crazy Yiuf
  2201 | D:2      | Killed Crazy Yiuf
  2370 | D:3      | Gained mutation: You have a pair of small horns on your head. [demonic ancestry]
  2370 | D:3      | Reached XP level 5. HP: 20/42 MP: 5/5
  3045 | D:3      | Found a glowing golden altar of the Shining One.
  3050 | D:3      | Reached skill level 3 in Armour
  3285 | D:3      | Reached XP level 6. HP: 37/48 MP: 6/6
  3571 | D:3      | Reached *** piety under Trog
  3898 | D:4      | Found a glowing drain.
  3912 | Sewer    | Entered a sewer
  3967 | Sewer    | Reached skill level 1 in Staves
  4304 | Sewer    | Reached skill level 4 in Armour
  4517 | D:4      | Found an ancient bone altar of Kikubaaqudgha.
  4557 | D:4      | Reached **** piety under Trog
  4630 | D:4      | Gained mutation: You have hoof-like feet. [demonic ancestry]
  4630 | D:4      | Reached XP level 7. HP: 55/55 MP: 7/7
  4634 | D:4      | Noticed a two-headed ogre
  4640 | D:4      | Banished a two-headed ogre
  4640 | D:4      | Reached skill level 5 in Fighting
  4640 | D:4      | Reached skill level 5 in Armour
  4640 | D:4      | Gained mutation: You have sharp fingernails. [demonic ancestry]
  4640 | D:4      | Reached XP level 8. HP: 62/62 MP: 8/8
  4940 | D:4      | Found a burning altar of Makhleb.
  5143 | D:5      | Entered Level 5 of the Dungeon
  5156 | D:5      | Received a gift from Trog
  5277 | D:5      | Found a staircase to the Ecumenical Temple.
  5278 | D:5      | Noticed Sigmund
  5288 | D:5      | Killed Sigmund
  5420 | D:5      | Reached skill level 6 in Armour
  5425 | D:5      | Reached skill level 5 in Staves
  6476 | D:5      | Gained mutation: You have a pair of horns on your head. [demonic ancestry]
  6476 | D:5      | Reached XP level 9. HP: 69/69 MP: 9/9
  6654 | D:6      | Reached skill level 1 in Shields
  6684 | D:6      | Found a white marble altar of Elyvilon.
  6780 | D:6      | Found a faded altar of an unknown god.
  6780 | D:6      | Found a shimmering altar of Xom.
  6785 | D:6      | Found a faded altar of an unknown god.
  6787 | D:6      | Found a bloodstained altar of Trog.
  6788 | D:6      | Found a basalt altar of Yredelemnul.
  6934 | D:6      | Noticed Edmund
  6943 | D:6      | Killed Edmund
  7035 | D:6      | Found an opulent altar of Gozag.
  7228 | D:6      | Noticed Dowan
  7230 | D:6      | Noticed Duvessa
  7237 | D:6      | Killed Duvessa
  7237 | D:6      | Reached skill level 1 in Short Blades
  7237 | D:6      | Reached skill level 7 in Armour
  7245 | D:6      | Killed Dowan
  7593 | D:7      | Reached skill level 5 in Dodging
  7739 | D:7      | Reached ***** piety under Trog
  8259 | D:8      | Got an encrusted falchion
  8267 | D:8      | Identified the +4 falchion of Wiuruqod {venom, rF+ Str-3 Dex+2} (You found it on level 8 of the Dungeon)
  8333 | D:8      | Noticed Psyche
  8333 | D:8      | Paralysed by Psyche for 2 turns
  8341 | D:8      | Killed Psyche
  8341 | D:8      | Gained mutation: You are slightly more attuned to the shadows. [demonic ancestry]
  8341 | D:8      | Reached XP level 10. HP: 77/77 MP: 10/10
  8370 | D:8      | Reached skill level 1 in Stealth
  8390 | D:8      | Noticed DrHerr's ghost (novice MiGl)
  8405 | D:8      | Killed DrHerr's ghost
  8719 | D:8      | Reached skill level 8 in Armour
  8861 | D:8      | Noticed Maurice
  8866 | D:8      | Killed Maurice
  8866 | D:8      | Received a gift from Trog
  8889 | D:8      | Noticed Prince Ribbit
  8900 | D:8      | Killed Prince Ribbit
  8900 | D:8      | Reached skill level 5 in Shields
 10837 | D:9      | Found a blossoming altar of Fedhas.
 11160 | D:9      | Found a sparkling altar of Nemelex Xobeh.
 11199 | D:9      | Found a radiant altar of Vehumet.
 11323 | D:10     | Entered Level 10 of the Dungeon
 11330 | D:10     | Reached XP level 11. HP: 84/84 MP: 11/11
 11340 | D:10     | Noticed a seven-headed hydra
 11351 | D:10     | Killed a seven-headed hydra
 12110 | D:10     | Noticed an unseen horror
 12120 | D:10     | Killed an unseen horror
 12122 | D:10     | Reached skill level 9 in Armour
 12266 | D:10     | Reached skill level 5 in Long Blades
 12437 | D:10     | Found a staircase to the Orcish Mines.
 12457 | D:10     | Received a gift from Trog
 13068 | D:11     | Noticed kalagan's ghost (journeyman GrEE)
 13082 | D:11     | Killed kalagan's ghost
 13479 | D:11     | Found a staircase to the Lair.
 13484 | D:11     | Noticed Erolcha
 13492 | D:11     | Killed Erolcha
 13663 | D:11     | Noticed Fannar
 13676 | D:11     | Killed Fannar
 13676 | D:11     | Reached skill level 5 in Stealth
 13676 | D:11     | Gained mutation: You may emit foul miasma when damaged in melee. [demonic ancestry]
 13676 | D:11     | Reached XP level 12. HP: 92/92 MP: 12/12
 14934 | D:12     | Received a gift from Trog
 16136 | D:5      | Got a crude long sword
 16137 | D:5      | Identified the +12 long sword of the Dwarven Hall {drain, rElec rPois MR+} (You found it on level 5 of the Dungeon)
 16323 | Orc:1    | Entered Level 1 of the Orcish Mines
 16323 | Orc:1    | Found Ynimahos's Food Shoppe.
 16337 | Orc:1    | Reached skill level 10 in Armour
 16376 | Orc:1    | HP: 1/93 [deep elf mage/bolt of lightning (12)]
 16389 | Orc:1    | Received a gift from Trog
 16390 | Orc:1    | Killed from afar by a deep elf mage

Skill      XL: |  1  2  3  4  5  6  7  8  9 10 11 12 |
---------------+-------------------------------------+-----
Dodging        | 2 3 4 5 6 7 |  7.2
Armour         | 2 3 4 5 6 7 8 9 10 | 10.1
Long Blades    | 3 4 5 6 |  6.9
Fighting       | 4 5 6 7 8 |  8.3
Staves         | 2 3 5 |  5.6
Shields        | 4 6 8 9 |  9.3
Short Blades   | 2 |  2.9
Stealth        | 3 5 |  5.9
Unarmed Combat | |  0.1
Evocations     | |  0.4

Action                   |  1- 3 |  4- 6 |  7- 9 | 10-12 || total
-------------------------+-------+-------+-------+-------++-------
Melee: Falchion          |   119 |    24 |     4 |   744 ||   891
       Dagger            |       |    17 |   182 |    19 ||   218
       Kick              |       |    41 |    97 |   290 ||   428
       Quarterstaff      |       |   164 |    78 |       ||   242
       Headbutt          |       |    12 |    65 |   186 ||   263
       Long sword        |       |       |       |    25 ||    25
Invok: Berserk           |     4 |     3 |     6 |    14 ||    27
       Burn Spellbooks   |       |       |     1 |       ||     1
       Trog's Hand       |       |       |       |     1 ||     1
       Brothers in Arms  |       |       |       |     1 ||     1
Evoke: Wand              |       |       |       |     1 ||     1
  Use: Scroll            |       |     8 |     4 |    12 ||    24
       Potion            |       |     3 |       |     1 ||     4
 Stab: Petrifying        |       |       |     1 |       ||     1
  Eat: Chunk             |     5 |    14 |    17 |    43 ||    79
       Royal jelly       |       |       |     1 |     1 ||     2
       Fruit             |       |       |       |     4 ||     4
       Meat ration       |       |       |       |     1 ||     1
Armor: Animal skin       |    13 |       |       |       ||    13
       Chain mail        |    39 |   211 |   120 |   395 ||   765
Dodge: Dodged            |    64 |   116 |    75 |   213 ||   468
Block: Shield            |       |       |   113 |   278 ||   391
       Large shield      |       |       |       |   462 ||   462
       Rpst.: Falchion   |    22 |     3 |       |    55 ||    80
